 Dungeon Crawl Stone Soup version 0.23.2-40-g277498a001 (webtiles) character file.

Game seed: 13996269894986042767

1879 Curus the Cleaver (level 9, -1/70 HPs)
             Began as a Hill Orc Abyssal Knight on Oct 23, 2019.
             Was an Elder of Lugonu.
             Slain by a gnoll
             ... wielding a +0 flail
              (9 damage)
             ... on level 6 of the Dungeon.
             The game lasted 00:23:20 (4588 turns).

Curus the Cleaver (Hill Orc Abyssal Knight)         Turns: 4588, Time: 00:23:20

Health: -1/70      AC: 10    Str: 15    XL:     9   Next: 14%
Magic:  16/16      EV:  6    Int: 12    God:    Lugonu [****..]
Gold:   303        SH:  0    Dex: 11    Spells: 8/8 levels left

rFire    . . .     SeeInvis .   n - +0 war axe
rCold    . . .     Gourm    .   (no shield)
rNeg     . . .     Faith    .   o - +0 chain mail
rPois    +         Spirit   .   (helmet restricted)
rElec    .         Reflect  .   d - +1 cloak
rCorr    .         Harm     .   (no gloves)
MR       .....     Rnd*Rage +   (no boots) Stlth ..........Rnd*Tele +
                                (no amulet)
HPRegen  0.21/turn              s - ring of poison resistance
MPRegen  0.15/turn              m - ring of teleportation (curse)

@: berserk cooldown, slowed, very slow
A: beak, talons 1, berserk 1, clumsy 1
a: Depart the Abyss, Bend Space, Banish, Corrupt, Renounce Religion


You were on level 6 of the Dungeon.
You worshipped Lugonu.
Lugonu was greatly pleased with you.
You were not hungry.

You visited 1 branch of the dungeon, and saw 6 of its levels.
You visited the Abyss 1 time.

You collected 303 gold pieces.

Inventory:

Hand Weapons
 a - a +1 hand axe
 n - a +0 war axe (weapon)
Armour
 b - a +0 leather armour
 d - a +1 cloak (worn)
 e - a +0 ring mail
 i - a +3 ring mail of positive energy
 l - a +0 scale mail
 o - a +0 chain mail (worn)
Jewellery
 h - an uncursed ring of stealth
 m - a cursed ring of teleportation (right hand)
 r - an uncursed ring of attention
 s - a ring of poison resistance (left hand)
Wands
 u - a wand of iceblast (17)
Scrolls
 f - 3 scrolls of identify
 g - a scroll of teleportation
 q - 2 scrolls of fog
Potions
 j - a potion of flight
 k - 3 potions of agility
 p - a potion of heal wounds
 t - a potion of invisibility
Comestibles
 c - 10 rations


   Skills:
 - Level 3.6 Fighting
 * Level 11.2 Axes
 - Level 2.1 Armour
 - Level 0.7 Dodging
 + Level 10.4 Invocations


You had 8 spell levels left.
You didn't know any spells.
Your spell library contained the following spells:

 Spells                   Type           Power        Failure   Level  Hunger
 Corona                   Hex            #......      100%        1    ##.....
 Ensorcelled Hibernation  Hex/Ice        #.....       100%        2    ###....
 Confuse                  Hex            #.......     100%        3    ####...
 Dazzling Spray           Conj/Hex       #.....       100%        3    ####...
 Tukima's Dance           Hex            #.......     100%        3    ####...


Dungeon Overview and Level Annotations

Branches:
Dungeon (6/15)
 Temple: D:4-7

Altars:
Ashenzari
Cheibriados
Dithmenos
Fedhas
Gozag
Hepliaklqana
Nemelex Xobeh
Qazlal
Xom


Innate Abilities, Weirdness & Mutations

You have a beak for a mouth.
You have sharp toenails.
You tend to lose your temper in combat.
You are clumsy. (Dex -2)


Message History

You peck the gnoll.
The gnoll is moderately wounded.
The gnoll hits you but does no damage.
You closely miss the gnoll. Your peck misses the gnoll.
The gnoll is moderately wounded.
The gnoll hits you but does no damage.
You hit the phantom.
You destroy the phantom!
Lugonu accepts your kill.
You hit the gnoll but do no damage. The gnoll hits you with a +0 flail.
* * * LOW HITPOINT WARNING * * *
The gnoll hits you with a +0 flail.
* * * LOW HITPOINT WARNING * * *
You see here a mace.
The gnoll shouts!
You hear a shout! x3
The gnoll hits you but does no damage. The gnoll hits you but does no damage.
The gnoll barely misses you.
There is a stone staircase leading up, spattered with blood here.
The gnoll hits you with a +0 flail!
You die...

#..# g.# #####.#..#
#####.## ...
#........## ..(...#
#.##.........#
#####.# #
#..........#.## #.#
#. #...).......# #.#
#.### #..).......#
#.#
#...###...†.>....#
...
#####gg#...........#
...
#...@g.)...........#
..
#..#####.########...#
.... #.# #### #.##
..% . #...# #...#
#...# #...# #...#


You could see 3 gnolls.

Vanquished Creatures
  Sigmund (D:5)
  An ice beast (D:5)
  4 phantoms
  An ogre (D:6)
  A centaur (D:5)
  A scorpion (D:5)
  3 howler monkeys
  A bullfrog zombie (D:5)
  2 crimson imps (D:6)
  A quasit (D:4)
  A gnoll shaman (D:5)
  A hound (D:4)
  2 orc priests
  2 iguanas
  2 orc wizards
  3 worker ants
  Terence (D:2)
  A killer bee zombie (D:5)
  4 gnolls
  9 adders
  2 shadow imps
  2 oozes
  An adder skeleton (D:4)
  3 worms
  3 dart slugs
  4 leopard geckos
  16 orcs
  5 giant cockroaches
  5 goblins
  5 hobgoblins
  2 jackals (D:2)
  7 kobolds
  2 quokkas
  6 bats
  7 frilled lizards
  A jackal skeleton (D:6)
  A quokka skeleton (D:5)
  A quokka zombie (D:5)
  7 rats
122 creatures vanquished.

Vanquished Creatures (others)
  The ghost of zyhmos the Fighter, a novice MiBe of Trog (D:4)
1 creature vanquished.

Grand Total: 123 creatures vanquished

Notes
Turn   | Place    | Note
-------+----------+-------------------------------------------
     0 | Abyss:1  | Curus the Hill Orc Abyssal Knight began the quest for the
                  | Orb.
     0 | Abyss:1  | Reached XP level 1. HP: 19/19 MP: 2/2
     8 | D:1      | Escaped the Abyss
    54 | D:1      | Reached skill level 3 in Axes
    59 | D:1      | Reached XP level 2. HP: 7/26 MP: 2/4
   314 | D:1      | Gained mutation: You are clumsy. (Dex -2) [potion of
                  | mutation]
   314 | D:1      | Gained mutation: You have sharp toenails. [potion of
                  | mutation]
   314 | D:1      | Gained mutation: You tend to lose your temper in combat.
                  | [potion of mutation]
   314 | D:1      | Gained mutation: You have a beak for a mouth. [potion of
                  | mutation]
   503 | D:1      | Reached XP level 3. HP: 26/31 MP: 5/5
   540 | D:1      | Reached ** piety under Lugonu
   883 | D:2      | Reached skill level 4 in Axes
  1088 | D:2      | Noticed Terence
  1131 | D:2      | Killed Terence
  1131 | D:2      | Reached XP level 4. HP: 18/39 MP: 5/7
  1399 | D:2      | Found a stormy altar of Qazlal.
  1777 | D:3      | Reached skill level 5 in Axes
  1782 | D:3      | Reached XP level 5. HP: 39/45 MP: 8/8
  1904 | D:3      | Reached skill level 5 in Invocations
  1984 | D:3      | Reached *** piety under Lugonu
  2004 | D:3      | Found an opulent altar of Gozag.
  2323 | D:4      | Noticed a phantom
  2336 | D:4      | Reached XP level 6. HP: 38/51 MP: 10/10
  2343 | D:4      | Killed a phantom
  2343 | D:4      | Reached skill level 6 in Axes
  2495 | D:4      | Noticed a phantom
  2496 | D:4      | Found a runed translucent door.
  2541 | D:4      | Killed a phantom
  2541 | D:4      | Reached skill level 7 in Axes
  2541 | D:4      | Reached XP level 7. HP: 50/57 MP: 12/12
  2554 | D:4      | Noticed zyhmos's ghost (novice MiBe)
  2576 | D:4      | Found a sparkling altar of Nemelex Xobeh.
  2643 | D:4      | Found a blossoming altar of Fedhas.
  2643 | D:4      | Found a faded altar of an unknown god.
  2648 | D:4      | Found a hazy altar of Hepliaklqana.
  2650 | D:4      | Found a shattered altar of Ashenzari.
  2651 | D:4      | Found a faded altar of an unknown god.
  2824 | D:5      | Entered Level 5 of the Dungeon
  2891 | D:5      | Found a shadowy altar of Dithmenos.
  2945 | D:5      | Reached skill level 8 in Axes
  3281 | D:5      | Noticed Sigmund
  3295 | D:5      | Killed Sigmund
  3295 | D:5      | Reached XP level 8. HP: 50/64 MP: 12/14
  3368 | D:5      | Found a shimmering altar of Xom.
  3394 | D:5      | Found a snail-covered altar of Cheibriados.
  3602 | D:4      | Banished zyhmos's ghost
  3602 | D:4      | Reached skill level 9 in Axes
  3804 | D:5      | Reached skill level 10 in Axes
  4292 | D:6      | Reached skill level 10 in Invocations
  4301 | D:5      | Reached **** piety under Lugonu
  4556 | D:6      | Reached XP level 9. HP: 30/70 MP: 16/16
  4570 | D:6      | Reached skill level 11 in Axes
  4588 | D:6      | Slain by a gnoll

Skill      XL: |  1  2  3  4  5  6  7  8  9 |
---------------+----------------------------+-----
Axes           | 3 4 5 7 8 10 11 | 11.2
Invocations    | 3 4 5 7 8 10 | 10.4
Fighting       | |  3.6
Armour         | |  2.1
Dodging        | |  0.7

Action                   |  1- 3 |  4- 6 |  7- 9 || total
-------------------------+-------+-------+-------++-------
Melee: Hand axe          |    84 |    63 |       ||   147
       Kick              |    11 |    32 |    38 ||    81
       Peck              |     3 |    19 |    26 ||    48
       War axe           |       |    92 |   189 ||   281
Invok: Banish            |       |       |     1 ||     1
  Use: Potion            |     6 |     4 |       ||    10
       Scroll            |     3 |     3 |     3 ||     9
 Stab: Sleeping          |     5 |       |       ||     5
  Eat: Chunk             |     1 |     4 |     5 ||    10
       Ration            |       |       |     1 ||     1
Armor: Leather armour    |    10 |       |       ||    10
       Ring mail         |     4 |     7 |       ||    11
       Scale mail        |       |    22 |       ||    22
       Chain mail        |       |    60 |   118 ||   178
Dodge: Dodged            |    65 |    52 |    71 ||   188
